 Dungeon Crawl Stone Soup version 0.19.4-9-g45fd643 (webtiles) character file.

125 Gorglomux the Magician (level 5, -4/44 HPs)
             Began as a Naga Wizard on Feb 20, 2017.
             Slain by an orc
             ... wielding a +2 flail of venom
              (8 damage)
             ... on level 3 of the Dungeon.
             The game lasted 00:05:38 (2251 turns).

Gorglomux the Magician (Naga Wizard)                Turns: 2251, Time: 00:05:39

Health: -4/44      AC:  2    Str:  9    XL:     5   Next: 9%
Magic:  2/10       EV: 10    Int: 19    God:
Gold:   70         SH:  0    Dex: 10    Spells: 2 memorised, 6 levels left

rFire  . . .     SeeInvis +     p - +0 trident
rCold  . . .     Gourm    .     a - +0 robe
rNeg   . . .     Faith    .     (no shield)
rPois  +         Spirit   .     b - +0 hat
rElec  .         Reflect  .     (no cloak)
rCorr  .         Harm     .     (no gloves)
MR     .....                    (no barding)
Stlth  ++........               (no amulet)
                                (no ring)
                                (no ring)

@: short of breath, very slightly contaminated, very slow
A: see invisible, deformed body, poison resistance, slowness 2, slow metabolism
1, spit poison 1, AC +1
a: Spit Poison


You were on level 3 of the Dungeon.
You were hungry.

You visited 1 branch of the dungeon, and saw 3 of its levels.

You collected 70 gold pieces.

Inventory:

Hand Weapons
 k - a +0 whip
 p - a +0 trident (weapon)
Armour
 a - a +0 robe (worn)
 b - a +0 hat (worn)
Jewellery
 i - a cursed ring of teleportation {unknown}
 s - an uncursed amulet of the gourmand {unknown}
Scrolls
 e - a scroll of noise {unknown}
 g - a scroll of fear
 q - a scroll of identify {unknown}
Potions
 h - a potion of lignification {unknown}
 j - a potion of cure mutation {unknown}
 n - a potion of curing {unknown}
Books
 c - a book of Minor Magic

   Spells                             Type                      Level
   a - Magic Dart                     Conjuration                  1
   b - Blink                          Translocation                2
   c - Call Imp                       Summoning                    2
   d - Repel Missiles                 Charms/Air                   2
   e - Slow                           Hexes                        2
   f - Conjure Flame                  Conjuration/Fire             3
   g - Mephitic Cloud                 Conjuration/Poison/Air       3
Comestibles
 d - 3 bread rations
 m - a beef jerky


   Skills:
 - Level 1.2 Fighting
 - Level 1.5 Dodging
 - Level 3.0 Stealth
 - Level 3.3 Spellcasting
 + Level 2.7 Conjurations
   Level 1.0 Summonings
   Level 1.0 Translocations
 + Level 1.9 Air Magic
 + Level 2.4 Poison Magic


You had 6 spell levels left.
You knew the following spells:

 Your Spells              Type           Power        Failure   Level  Hunger
a - Magic Dart            Conj           ##..         6%          1    None
m - Mephitic Cloud        Conj/Pois/Air  ##......     17%         3    ###....


Dungeon Overview and Level Annotations

Branches:
Dungeon (3/15)

Altars:
The Shining One


Innate Abilities, Weirdness & Mutations

You cannot wear boots.
Your serpentine skin is tough. (AC +1)
You have supernaturally acute eyesight. (SInv)
Armour fits poorly on your strangely shaped body.
Your system is resistant to poisons. (rPois)
You cover ground very slowly.
You have a slow metabolism.
You can spit poison.


Message History

Aim: an orc, wielding a flail and wearing a ring mail (severely wounded)
The splash of poison hits the orc.
The orc is almost dead.
You feel slightly more hungry. The orc barely misses you.
You hit the orc.
You kill the orc!
You have got your breath back.
Press: ? - help, Shift-Dir - straight line, f - orc
Aim: an orc, wielding a flail of venom The splash of poison misses the orc.
You feel slightly more hungry.
Evoke which item? (* to show all) (? for menu, Esc to quit)
Okay, then.
Casting: Mephitic Cloud
Confirm with . or Enter, or press ? or * to list all spells.
Okay, then.
You closely miss the orc. The orc closely misses you.
You hit the orc.
The orc is almost dead.
The orc hits you with a flail of venom!
You die...

######
################.##.#
.................##..
################.##.#
#.##.### # #@##(..#.#
#.o.)....#
#####†######
#####%)....#
#........#.#
......o....#
.#.?.......#
##........#
......o...#


You could see an orc.

Vanquished Creatures
  An orc wizard (D:3)
  4 adders
  A worm (D:2)
  2 dart slugs
  2 leopard geckos (D:1)
  An orc (D:3)
  5 bats
  2 giant cockroaches
  6 goblins
  7 hobgoblins
  6 jackals (D:1)
  A quokka (D:2)
  3 frilled lizards
  5 kobolds
  3 rats
49 creatures vanquished.

Notes
Turn   | Place    | Note
-------+----------+-------------------------------------------
     0 | D:1      | Gorglomux the Naga Wizard began the quest for the Orb.
     0 | D:1      | Reached XP level 1. HP: 15/15 MP: 4/4
   147 | D:1      | Reached skill level 1 in Fighting
   232 | D:1      | Reached XP level 2. HP: 19/25 MP: 3/6
   851 | D:1      | Reached XP level 3. HP: 31/31 MP: 1/7
   968 | D:1      | Learned a level 3 spell: Mephitic Cloud
  1237 | D:2      | Reached skill level 1 in Poison Magic
  1751 | D:2      | Reached skill level 1 in Air Magic
  1922 | D:2      | Reached XP level 4. HP: 38/38 MP: 6/9
  1963 | D:2      | Found a glowing golden altar of the Shining One.
  2239 | D:3      | Reached XP level 5. HP: 14/44 MP: 0/10
  2251 | D:3      | Slain by an orc

Skill      XL: |  1  2  3  4 |
---------------+-------------+-----
Fighting       | 1 |  1.2
Poison Magic   | 1 2 |  2.4
Air Magic      | 1 |  1.9
Conjurations   | 2 |  2.7
Dodging        | |  1.5
Stealth        | |  3.0
Spellcasting   | |  3.3
Summonings     | |  1.0
Translocations | |  1.0

Action                   |  1- 3 |  4- 6 || total
-------------------------+-------+-------++-------
Melee: Unarmed           |    34 |       ||    34
       Whip              |    35 |       ||    35
       Trident           |     5 |    17 ||    22
 Cast: Magic Dart        |    70 |     9 ||    79
       Mephitic Cloud    |     1 |     2 ||     3
 Abil: Spit Poison       |    16 |     7 ||    23
  Use: Scroll            |     1 |       ||     1
 Stab: Sleeping          |     1 |       ||     1
  Eat: Chunk             |     3 |     1 ||     4
Armor: Robe              |    18 |     2 ||    20
Dodge: Dodged            |    52 |    10 ||    62
